[Event "Titled Tuesday Blitz January 03 Early 2023"]
[White "Ovezdurdyyeva, Jemal"]
[Black "Melian, Juan Sebastian"]
[WhiteFideId "14001888"]
[BlackFideId "3706575"]
[WhiteElo "2078"]
[BlackElo "2293"]
[Result "0-1"]
[Round "07"]
[TimeControl "180+2"]
[Date "2023.01.03"]
[WhiteClock "0:01:08"]
[BlackClock "0:00:59"]

1. e4 c5 2. Nf3 e6 3. c3 Nf6 4. Bd3 c4 5. Bc2 d6 6. O-O Be7 7. Qe2 Qc7 8. Na3 b6 9. Nxc4 Ba6 10. d3 Nbd7 11. Bf4 e5 12. Bg5 Nc5 13. Nfd2 O-O 14. b4 Ne6 15. a4 Nxg5 16. b5 Bc8 17. f4 exf4 18. Rxf4 Ne6 19. Rf3 d5 20. exd5 Nxd5 21. Ne4 Bb7 22. Rh3 Ndf4 0-1


[Site "https://www.chess.com"]

[Event "Titled Tuesday Blitz January 03 Early 2023"]
[White "Leschinsky, Gary"]
[Black "Omelja, Artem"]
[WhiteFideId "30951321"]
[BlackFideId "14119846"]
[WhiteElo "1969"]
[BlackElo "2446"]
[Result "0-1"]
[Round "07"]
[TimeControl "180+2"]
[Date "2023.01.03"]
[WhiteClock "0:00:13"]
[BlackClock "0:01:32"]

1. d4 Nf6 2. c4 e6 3. Nc3 d5 4. Nxd5 exd5 5. Nf3 c6 6. g3 Be7 7. Bg2 O-O 8. O-O Nbd7 9. b3 Re8 10. e3 b6 11. Bb2 Bb7 12. Qc2 Rc8 13. Rfd1 Nf8 14. Rac1 Ne4 15. Ne5 Bd6 16. Nd3 Qe7 17. Qe2 Ng6 18. Qc2 Ba3 19. c5 Bxb2 20. Qxb2 bxc5 21. Nxc5 Nxc5 22. Rxc5 Nf8 23. Rdc1 Ne6 24. R5c3 c5 25. dxc5 Rxc5 26. Rxc5 Nxc5 27. Qa3 Ne4 28. Qxa7 h5 29. h4 Ra8 30. Qb6 Ra6 31. Qb5 Nxf2 32. Kxf2 Rxa2+ 33. Kf1 Qf6+ 34. Ke1 Qf2+ 0-1


[Site "https://www.chess.com"]

[Event "Titled Tuesday Blitz January 03 Early 2023"]
[White "Jiganchine, Roman"]
[Black "Sielecki, Christof"]
[WhiteFideId "2603667"]
[BlackFideId "4620437"]
[WhiteElo "2205"]
[BlackElo "2419"]
[Result "0-1"]
[Round "07"]
[TimeControl "180+2"]
[Date "2023.01.03"]
[WhiteClock "0:00:01"]
[BlackClock "0:00:13"]

1. e4 c5 2. Nf3 a6 3. c3 d5 4. exd5 Qxd5 5. d4 e6 6. Bd3 Nf6 7. O-O Be7 8. Be3 cxd4 9. cxd4 Nc6 10. Nc3 Qd6 11. Qe2 O-O 12. Rad1 Rd8 13. Bb1 b5 14. a3 Bb7 15. Rfe1 Rac8 16. Bg5 g6 17. Ba2 Re8 18. d5 exd5 19. Bxf6 Bxf6 20. Qxe8+ Rxe8 21. Rxe8+ Kg7 22. Bxd5 Bxc3 23. bxc3 Na5 24. Bb3 Qf4 25. Ba2 Bxf3 26. gxf3 Qxf3 27. Rde1 Nb7 28. R8e7 Nd6 29. R1e3 Qg4+ 30. Kh1 Qd1+ 31. Re1 Qf3+ 32. Kg1 Qxc3 33. Rd1 Qxa3 34. Bd5 Qc5 35. Rd7 a5 36. Ba2 Nc4 37. Bxc4 bxc4 38. R7d5 Qb4 0-1


[Site "https://www.chess.com"]

[Event "Titled Tuesday Blitz January 03 Early 2023"]
[White "Murtazin, Ruslan"]
[Black "Ankerst, Mihael"]
[WhiteFideId "24175960"]
[BlackFideId "14602369"]
[WhiteElo "2247"]
[BlackElo "2370"]
[Result "0-1"]
[Round "07"]
[TimeControl "180+2"]
[Date "2023.01.03"]
[WhiteClock "0:00:13"]
[BlackClock "0:00:10"]

1. e4 c5 2. Nf3 Qb6 3. Nc3 Nc6 4. g3 e6 5. Bg2 d6 6. O-O Be7 7. h3 a6 8. Nh2 Nf6 9. f4 O-O 10. g4 c4+ 11. Kh1 Nd4 12. Nf3 d5 13. g5 Nd7 14. exd5 Nxf3 15. Qxf3 Nc5 16. dxe6 Nxe6 17. Nd5 Qd6 18. Nxe7+ Qxe7 19. d3 Nd4 20. Qf2 Nf5 21. dxc4 Be6 22. b3 Rac8 23. Bb2 Qc7 24. Rfe1 b5 25. cxb5 axb5 26. Re2 Rfd8 27. Rae1 b4 28. h4 Qc5 29. h5 Qxf2 30. Rxf2 Ng3+ 31. Kh2 Nxh5 32. f5 Bd5 33. Bxd5 Rxd5 34. Re4 Ra5 35. Rxb4 Rxa2 36. Bd4 Raxc2 37. Rxc2 Rxc2+ 38. Kh3 Rc8 39. Kg4 g6 40. f6 h6 41. Rb7 hxg5 42. Kxg5 Rd8 43. Bc3 Ng3 44. Be5 Ne4+ 45. Kf4 Nc5 46. Rb5 Nd3+ 47. Ke4 Nxe5 48. Kxe5 Re8+ 49. Kf4 Re1 50. Rb6 Kh7 51. b4 Rf1+ 52. Ke5 g5 53. Rb8 g4 54. Rf8 Kg6 55. Rg8+ Kh5 56. b5 Rb1 57. Rh8+ Kg5 58. Rg8+ Kh4 0-1


[Site "https://www.chess.com"]

[Event "Titled Tuesday Blitz January 03 Early 2023"]
[White "Ronka, Erik"]
[Black "Blokhin, Sofia"]
[WhiteFideId "505080"]
[BlackFideId "4508190"]
[WhiteElo "2276"]
[BlackElo "2062"]
[Result "0-1"]
[Round "07"]
[TimeControl "180+2"]
[Date "2023.01.03"]
[WhiteClock "0:00:04"]
[BlackClock "0:00:22"]

1. d4 Nf6 2. Nc3 g6 3. e4 d6 4. f4 Bg7 5. a3 O-O 6. Nf3 Nc6 7. Be3 Ng4 8. Bg1 e5 9. dxe5 dxe5 10. Qxd8 Rxd8 11. h3 Nf6 12. fxe5 Nh5 13. Nd5 Ng3 14. Rh2 Nxf1 15. Kxf1 Nxe5 16. Nxc7 Rb8 17. Bxa7 Nxf3 18. gxf3 Be5 19. Bxb8 Bxh2 20. Kg2 Rd2+ 21. Kh1 Rxc2 22. Rd1 Bxc7 23. Bxc7 Rxc7 24. Kg2 Rc2+ 25. Kg3 Kg7 26. b4 Be6 27. Rd6 Ra2 28. Rb6 Bc8 29. h4 Rxa3 30. Kf4 Rb3 31. h5 h6 32. b5 gxh5 33. Kg3 Bg4 34. Rxb7 Rxf3+ 35. Kg2 Rb3 36. Rb8 Bf3+ 37. Kh2 Bxe4 38. b6 h4 39. Re8 Bc6 40. Rc8 Rxb6 41. Rc7 Kf6 42. Kh3 Kg5 43. Re7 Rb3+ 44. Kh2 Rb2+ 45. Kg1 h3 46. Re2 Rxe2 47. Kf1 Rb2 48. Kg1 h2+ 49. Kf1 h1=Q# 0-1


[Site "https://www.chess.com"]

[Event "Titled Tuesday Blitz January 03 Early 2023"]
[White "Coelho, Ramyres Santana"]
[Black "Slade, Theodore"]
[WhiteFideId "2120690"]
[BlackFideId "426547"]
[WhiteElo "1981"]
[BlackElo "1995"]
[Result "1/2-1/2"]
[Round "07"]
[TimeControl "180+2"]
[Date "2023.01.03"]
[WhiteClock "0:00:19"]
[BlackClock "0:00:19"]

1. e4 e5 2. Nf3 Nc6 3. d4 exd4 4. Bc4 Bc5 5. c3 Nf6 6. e5 d5 7. Bb5 Ne4 8. cxd4 Bb6 9. Nc3 O-O 10. h3 f6 11. exf6 Qxf6 12. O-O Nxc3 13. bxc3 Bxh3 14. gxh3 Qxf3 15. Qxf3 Rxf3 16. Bxc6 bxc6 17. a4 Rxc3 18. Bb2 Rd3 19. a5 Bxd4 20. Bxd4 Rxd4 21. Rac1 Rc4 22. Rxc4 dxc4 23. Rc1 Rb8 24. Rxc4 Rb5 25. Rxc6 Rxa5 26. Rxc7 h6 27. Kg2 Ra3 28. f3 Kh7 29. Kg3 Kg6 30. Rc6+ Kf5 31. Rc5+ Ke6 32. Rc6+ Kf5 33. Rc5+ Kg6 34. Rc6+ Kh5 35. Rc5+ g5 36. h4 a5 37. hxg5 hxg5 38. Rc6 a4 39. Ra6 Ra2 40. Kh3 a3 41. Kg3 Ra1 42. Kg2 a2 43. Kh2 g4 44. Ra5+ Kh4 45. Ra4 Kh5 46. fxg4+ Kg5 47. Kg2 Kf6 48. Ra5 Ke6 49. g5 Kf7 50. Ra6 Kg7 51. Kh2 Kh7 52. Kg2 Kg7 53. Kh2 Kf7 54. Kg2 Ke7 55. g6 Kf8 56. Ra7 Kg8 57. Kh2 Kf8 58. Kg2 Kg8 59. Kh2 Rb1 60. Rxa2 Rb6 61. Rg2 Kg7 62. Kh3 Rb3+ 63. Rg3 Rb5 64. Rg4 Rh5+ 65. Kg3 Rh6 66. Kf4 Rxg6 67. Rxg6+ Kxg6 1/2-1/2


[Site "https://www.chess.com"]

[Event "Titled Tuesday Blitz January 03 Early 2023"]
[White "Taboas Rodriguez, Daniel"]
[Black "Gutierrez Anaya, Yeison Joel"]
[WhiteFideId "2208466"]
[BlackFideId "3903273"]
[WhiteElo "2371"]
[BlackElo "2125"]
[Result "1/2-1/2"]
[Round "07"]
[TimeControl "180+2"]
[Date "2023.01.03"]
[WhiteClock "0:00:53"]
[BlackClock "0:00:15"]

1. d4 Nf6 2. Nf3 b6 3. c4 Bb7 4. Nc3 e6 5. Bg5 d5 6. cxd5 exd5 7. e3 Be7 8. Bb5+ c6 9. Bd3 h6 10. Bh4 O-O 11. O-O Re8 12. Bxf6 Bxf6 13. b4 Nd7 14. Rb1 a5 15. a3 axb4 16. axb4 Qe7 17. Qb3 Qd6 18. Ra1 Reb8 19. Qb2 c5 20. Bf5 cxb4 21. Nb5 Qe7 22. Bxd7 Qxd7 23. Qxb4 Ba6 24. Rab1 Be7 25. Qb3 Rc8 26. Rfd1 Qf5 27. Rbc1 Rxc1 28. Rxc1 Rc8 29. Rxc8+ Qxc8 30. Nc3 Qc4 31. Qxc4 dxc4 32. Ne5 b5 33. Nc6 Bf8 34. Nd5 Bb7 35. Ncb4 Bxd5 36. Nxd5 b4 37. Kf1 c3 38. Ke2 c2 39. Kd2 b3 40. Nf4 Ba3 41. Ne2 Kf8 42. e4 Ke7 43. f4 Kd6 44. g4 Bb4+ 45. Kd3 Ba3 46. Kd2 Bb4+ 47. Kd3 Ba3 48. Kd2 1/2-1/2


[Site "https://www.chess.com"]

[Event "Titled Tuesday Blitz January 03 Early 2023"]
[White "Skliarov, Viktor"]
[Black "Guliev, Logman"]
[WhiteFideId "14106736"]
[BlackFideId "13400061"]
[WhiteElo "2383"]
[BlackElo "2250"]
[Result "1-0"]
[Round "07"]
[TimeControl "180+2"]
[Date "2023.01.03"]
[WhiteClock "0:00:05"]
[BlackClock "0:00:09"]

1. e4 e5 2. Nc3 Nf6 3. Bc4 Bc5 4. d3 O-O 5. h3 c6 6. Qf3 h6 7. Nge2 d6 8. O-O Be6 9. Ng3 d5 10. Bb3 dxe4 11. Ngxe4 Nxe4 12. Nxe4 Bxb3 13. Nxc5 Bd5 14. Qg3 Kh7 15. Qxe5 b6 16. Nb3 Nd7 17. Qg3 c5 18. Bd2 Qf6 19. Bc3 Qg5 20. Qxg5 hxg5 21. Nd2 Kg6 22. a4 f6 23. Rfe1 Rfe8 24. Nf1 Bc6 25. b3 Nf8 26. f3 Ne6 27. Kf2 Nf4 28. Ne3 Rad8 29. Nc4 Nd5 30. Bd2 Bb7 31. Na3 Bc6 32. Nb5 a6 33. Na3 b5 34. axb5 axb5 35. Nb1 b4 36. Ra6 Rxe1 37. Bxe1 Rc8 38. Nd2 Nc3 39. Ne4 Bxe4 40. fxe4 Nb5 41. Ke3 Nd4 42. Kd2 Nc6 43. Bf2 Ne5 44. Rd6 g4 45. hxg4 Nxg4 46. Bg1 Ne5 47. Rd5 Ra8 48. Bxc5 Ra1 49. Bxb4 Rg1 50. d4 Rxg2+ 51. Kc3 Nf3 52. Rd8 Ne1 53. d5 Rxc2+ 54. Kd4 Nf3+ 55. Ke3 Ne5 56. Rb8 Rb2 57. Bd6 Rxb3+ 58. Rxb3 Nc4+ 59. Kd4 Nxd6 60. Rb6 Nf7 61. Kc5 Ng5 62. Re6 Nxe6+ 63. dxe6 f5 64. exf5+ Kf6 65. Kd6 g5 66. e7 1-0


[Site "https://www.chess.com"]

[Event "Titled Tuesday Blitz January 03 Early 2023"]
[White "De La Colina, Nicolas"]
[Black "Degenbaev, Aziz"]
[WhiteFideId "30946921"]
[BlackFideId "13802640"]
[WhiteElo "2244"]
[BlackElo "2203"]
[Result "0-1"]
[Round "07"]
[TimeControl "180+2"]
[Date "2023.01.03"]
[WhiteClock "0:00:20"]
[BlackClock "0:00:40"]

1. e4 c5 2. Nf3 d6 3. Bb5+ Nd7 4. d4 cxd4 5. Qxd4 Nf6 6. c4 g6 7. e5 dxe5 8. Nxe5 Bg7 9. Nxd7 Bxd7 10. Bxd7+ Qxd7 11. Qh4 Qe6+ 12. Kf1 Rc8 13. Nd2 Ng4 14. h3 Ne5 15. Qe4 Nxc4 16. Qxe6 Nxd2+ 17. Bxd2 fxe6 18. Ke2 b6 19. Rab1 Kf7 20. Rhc1 Rxc1 21. Bxc1 Rc8 22. Kd3 Rd8+ 23. Ke2 Rc8 24. Kd3 e5 25. Be3 Ke6 26. Rd1 e4+ 27. Kxe4 Bxb2 28. Rb1 Bf6 29. g3 Rc2 30. a3 Rc3 31. Bc1 Kd7 32. h4 Kc6 33. Bg5 Rxa3 34. Rc1+ Kd7 35. Rd1+ Ke6 36. Rc1 Rc3 37. Rd1 Bxg5 38. hxg5 Rc4+ 39. Kf3 a5 40. Rh1 a4 0-1


[Site "https://www.chess.com"]

[Event "Titled Tuesday Blitz January 03 Early 2023"]
[White "djokovic74"]
[Black "Zherebtsova, Alexandra"]
[BlackFideId "24129518"]
[WhiteElo "2575"]
[BlackElo "2155"]
[Result "1-0"]
[Round "07"]
[TimeControl "180+2"]
[Date "2023.01.03"]
[WhiteClock "0:00:23"]
[BlackClock "0:00:16"]

1. e4 e5 2. Nf3 Nc6 3. Bb5 a6 4. Ba4 Nf6 5. O-O Be7 6. d3 b5 7. Bb3 d6 8. a3 O-O 9. Nc3 Bg4 10. Be3 Nd4 11. Bxd4 exd4 12. Nd5 c6 13. h3 Bxf3 14. Nxf6+ Bxf6 15. Qxf3 Qe7 16. Rae1 Kh8 17. Qe2 Rfe8 18. f4 g6 19. Qf3 Bg7 20. Qg3 Qd7 21. Qf3 Rac8 22. Rc1 f5 23. exf5 Qxf5 24. Rce1 d5 25. a4 Qf6 26. axb5 axb5 27. Qf2 Re7 28. Rxe7 Qxe7 29. Re1 Qf7 30. g3 Re8 31. Kg2 Rxe1 32. Qxe1 h6 33. c3 Qf5 34. Bc2 Qd7 35. cxd4 Bxd4 36. b3 Kg7 37. Bd1 Kf7 38. Bg4 Qe7 39. Qc1 c5 40. Bf3 Qe3 41. Qxe3 Bxe3 42. Bxd5+ Kg7 43. Bc6 b4 44. Kf3 Bd4 45. h4 Kf6 46. Kg4 Kg7 47. Be8 Bf2 48. Kf3 Bd4 49. Bc6 g5 50. hxg5 hxg5 51. fxg5 Bg1 52. Kg4 Bd4 53. Kf5 Bg1 54. g4 Bd4 55. Bd5 Bg1 56. g6 Bd4 57. Bf7 Bg1 58. Ke4 Bd4 59. Kf3 Bg1 60. Kg3 Bd4 61. Kg2 Bg1 62. Kxg1 1-0


[Site "https://www.chess.com"]

[Event "Titled Tuesday Blitz January 03 Early 2023"]
[White "Manukian, Artak"]
[Black "Aaditya Dhingra"]
[WhiteFideId "13301373"]
[BlackFideId "25678191"]
[WhiteElo "2196"]
[BlackElo "2027"]
[Result "1-0"]
[Round "07"]
[TimeControl "180+2"]
[Date "2023.01.03"]
[WhiteClock "0:01:49"]
[BlackClock "0:02:10"]

1. e4 c6 2. d4 d5 3. e5 Bf5 4. c4 e6 5. Nc3 Nd7 6. Nf3 Ne7 7. Nh4 h6 8. cxd5 cxd5 9. Nb5 Nc6 10. Nxf5 exf5 11. Nc3 Bb4 12. a3 Bxc3+ 13. bxc3 O-O 14. Bd3 g6 15. Bxh6 Re8 16. O-O Qh4 17. Qd2 Na5 18. Bg5 Qh5 19. Be2 Qh7 20. Rab1 Nb6 21. Bf6 Rac8 22. f4 Nbc4 23. Qc1 b6 24. Rf3 1-0


[Site "https://www.chess.com"]

[Event "Titled Tuesday Blitz January 03 Early 2023"]
[White "Kalajzic, Ivan"]
[Black "Goltseva, Ekaterina"]
[WhiteFideId "14506378"]
[BlackFideId "24173770"]
[WhiteElo "2062"]
[BlackElo "2283"]
[Result "0-1"]
[Round "07"]
[TimeControl "180+2"]
[Date "2023.01.03"]
[WhiteClock "0:00:02"]
[BlackClock "0:00:02"]

1. b3 d5 2. Bb2 Nf6 3. e3 e6 4. Nf3 Be7 5. d4 O-O 6. Bd3 c5 7. Nbd2 b6 8. O-O Bb7 9. Ne5 Nbd7 10. f4 Ne4 11. Nxe4 dxe4 12. Bb5 Nf6 13. Nc6 Bxc6 14. Bxc6 Rc8 15. Bb5 cxd4 16. Bxd4 Bc5 17. c3 Nd5 18. Qe2 Bxd4 19. cxd4 Nc3 20. Qh5 Qd5 21. Qxd5 Nxd5 22. Rfe1 Rc3 23. Kf2 Rfc8 24. Bc4 Nb4 25. Re2 g6 26. a3 Nd3+ 27. Bxd3 exd3 28. Rd2 Rxb3 29. Rad1 Rc2 30. Rxc2 dxc2 31. Rc1 Rc3 32. Ke2 Kg7 33. Kd2 Rxa3 34. Rxc2 h5 35. g3 Rb3 36. h3 a5 37. g4 hxg4 38. hxg4 g5 39. f5 exf5 40. gxf5 Rb4 41. Kd3 Kf6 42. e4 a4 43. Rc6+ Ke7 44. e5 Rb3+ 45. Kc4 g4 46. Rc7+ Kd8 47. Rxf7 g3 48. Rg7 b5+ 49. Kd5 a3 50. Kd6 Kc8 51. f6 a2 52. f7 Rf3 53. Rxg3 a1=Q 54. Rxf3 Qa3+ 55. Ke6 Qxf3 56. Ke7 Kc7 57. f8=Q Qxf8+ 58. Kxf8 b4 59. e6 b3 60. e7 b2 61. e8=Q b1=Q 62. Qe7+ Kc6 63. Qe6+ Kc7 64. d5 Qf1+ 65. Ke8 Qb5+ 66. Kf8 Qb8+ 67. Kf7 Qd8 68. Qe7+ Qd7 69. d6+ Kc6 0-1


[Site "https://www.chess.com"]

[Event "Titled Tuesday Blitz January 03 Early 2023"]
[White "Defend1r"]
[Black "Shubenkova, Veronika"]
[BlackFideId "44124040"]
[WhiteElo "2539"]
[BlackElo "1960"]
[Result "0-1"]
[Round "07"]
[TimeControl "180+2"]
[Date "2023.01.03"]
[WhiteClock "0:02:01"]
[BlackClock "0:01:35"]

1. e4 c6 2. d4 d5 3. e5 Bf5 4. h4 h5 5. Bd3 Bxd3 6. Qxd3 e6 7. Bg5 Be7 8. Nf3 a6 9. Nbd2 g6 10. O-O Nh6 11. Bxh6 Rxh6 12. g3 Kf8 13. c4 Kg7 14. c5 Nd7 15. b4 g5 16. hxg5 Bxg5 17. Nxg5 Qxg5 18. Nf3 Qe7 19. Nh4 Rg8 20. Kh2 Kf8 21. f4 Rg4 22. f5 Qg5 23. fxe6 Rxe6 24. Qh7 Rxh4+ 25. Kg2 Qd2+ 26. Rf2 Rh2+ 27. Kxh2 Qxf2+ 28. Kh3 Rg6 29. Qxg6 fxg6 30. Rh1 g5 31. Rh2 g4+ 32. Kh4 Qxh2+ 33. Kg5 Qxg3 34. Kf5 Qf3+ 35. Ke6 Qf7+ 36. Kd6 Qe7+ 37. Kc7 Nxc5+ 38. Kb8 Nd3 39. b5 axb5 40. a3 b6 41. Kc8 Nf4 42. Kb8 Ne6 43. a4 bxa4 44. Ka8 Nxd4 45. e6 Nb5 46. Kb8 Qc7+ 0-1


[Site "https://www.chess.com"]

[Event "Titled Tuesday Blitz January 03 Early 2023"]
[White "Sreyas Payyappat"]
[Black "Turzo, Attila"]
[WhiteFideId "46674969"]
[BlackFideId "704954"]
[WhiteElo "2076"]
[BlackElo "2279"]
[Result "0-1"]
[Round "07"]
[TimeControl "180+2"]
[Date "2023.01.03"]
[WhiteClock "0:01:17"]
[BlackClock "0:00:36"]

1. e4 c5 2. Nf3 d6 3. d4 cxd4 4. Nxd4 Nf6 5. Nc3 a6 6. h4 e5 7. Nb3 Be6 8. f4 exf4 9. Bxf4 Nc6 10. Qd2 Be7 11. O-O-O O-O 12. g3 Ne5 13. Be2 Qc7 14. Rhg1 Rfd8 15. Qe3 b5 16. g4 b4 17. Nd5 Bxd5 18. exd5 Bf8 19. g5 Nfd7 20. Nd4 Re8 21. h5 Nc5 22. Bxe5 Rxe5 23. Qf3 g6 24. h6 Ne4 25. Qf6 Nxf6 26. gxf6 Bxh6+ 27. Kb1 Be3 28. Nc6 Bxg1 29. Nxe5 dxe5 30. Rxg1 Qd6 31. Rd1 Qxf6 32. d6 Rd8 33. d7 Qe7 0-1


[Site "https://www.chess.com"]

[Event "Titled Tuesday Blitz January 03 Early 2023"]
[White "ArchibaldCerveza29"]
[Black "Pandey Srishti"]
[BlackFideId "35093290"]
[WhiteElo "2510"]
[BlackElo "2188"]
[Result "0-1"]
[Round "07"]
[TimeControl "180+2"]
[Date "2023.01.03"]
[WhiteClock "0:00:15"]
[BlackClock "0:01:07"]

1. d4 d5 2. c4 dxc4 3. Nf3 Nf6 4. Nc3 c5 5. e3 cxd4 6. exd4 a6 7. Bxc4 e6 8. O-O Nc6 9. Be3 Be7 10. Rc1 O-O 11. a3 b5 12. Ba2 Bb7 13. Re1 Rc8 14. Qd3 Nd5 15. Bb1 g6 16. Ba2 b4 17. Nxd5 exd5 18. h4 Bf6 19. h5 Re8 20. Rc5 bxa3 21. Rxd5 Nb4 22. Rxd8 Nxd3 23. Rd7 Re7 24. Rxe7 Bxe7 25. Re2 axb2 26. Bb1 Rc1+ 27. Kh2 Bd6+ 28. g3 Bxf3 29. Rxb2 Rh1# 0-1


[Site "https://www.chess.com"]

[Event "Titled Tuesday Blitz January 03 Early 2023"]
[White "Kvaloy, Aksel Bu"]
[Black "Sanchez, Robert"]
[WhiteFideId "1528815"]
[BlackFideId "2034360"]
[WhiteElo "2321"]
[BlackElo "1966"]
[Result "1-0"]
[Round "07"]
[TimeControl "180+2"]
[Date "2023.01.03"]
[WhiteClock "0:00:51"]
[BlackClock "0:00:55"]

1. d4 Nf6 2. c4 e6 3. g3 c5 4. d5 d6 5. Nf3 b5 6. Bg2 exd5 7. Nc3 Bb7 8. Nd2 Be7 9. Nxb5 O-O 10. Nc3 Nbd7 11. cxd5 Nb6 12. e4 Nfd7 13. O-O Ne5 14. a4 Nd3 15. a5 Nd7 16. a6 Bc8 17. Qc2 Nxc1 18. Rfxc1 Qb6 19. Nc4 Qb4 20. Ra4 Qb8 21. Ra3 Nb6 22. Na5 Bd7 23. Nc6 Qe8 24. e5 dxe5 25. Nb5 Bxc6 26. dxc6 Bg5 27. Nc7 Qe7 28. Nxa8 Bxc1 29. Nxb6 axb6 30. Qxc1 1-0


[Site "https://www.chess.com"]

[Event "Titled Tuesday Blitz January 03 Early 2023"]
[White "Babikov, Ivan"]
[Black "Tomaszewski, Kacper"]
[WhiteFideId "4161106"]
[BlackFideId "1127373"]
[WhiteElo "2239"]
[BlackElo "2313"]
[Result "1-0"]
[Round "07"]
[TimeControl "180+2"]
[Date "2023.01.03"]
[WhiteClock "0:00:10"]
[BlackClock "0:00:05"]

1. d4 d5 2. Nf3 Nf6 3. Bg5 Nbd7 4. e3 c6 5. c3 e6 6. Bd3 h6 7. Bh4 Bd6 8. O-O O-O 9. Nbd2 Qc7 10. e4 dxe4 11. Nxe4 Nxe4 12. Bxe4 e5 13. dxe5 Nxe5 14. Nxe5 Bxe5 15. Bg3 Bxg3 16. hxg3 Be6 17. Qc2 Rad8 18. b3 Rd7 19. c4 Rfd8 20. Rfd1 Qe5 21. Bf3 Kf8 22. Rxd7 Rxd7 23. Rd1 Rxd1+ 24. Qxd1 Ke7 25. Qd2 Qd6 26. Qa5 Qd4 27. Qc7+ Qd7 28. Qa5 b6 29. Qe5 g6 30. Be4 Qd1+ 31. Kh2 Qd2 32. Kg1 Qe1+ 33. Kh2 Qxf2 34. Bxc6 Qc5 35. Bd5 Qd6 36. Qe4 h5 37. Qh4+ Kd7 38. Bxe6+ Qxe6 39. Qd4+ Ke7 40. Qf4 Qd6 41. Qe4+ Qe6 42. Qb7+ Qd7 43. Qe4+ Kf6 44. Qf4+ Kg7 45. Qe5+ Kh7 46. Qf6 Qc7 47. Qf3 Kg7 48. Qc3+ Kg8 49. Qe3 Kf8 50. Qd4 Ke7 51. Qe4+ Kd7 52. Qd5+ Kc8 53. Qa8+ Kd7 54. Qd5+ Ke7 55. Qe4+ Kf6 56. Qd4+ Qe5 57. Qd8+ Qe7 58. Qd4+ Ke6 59. Qe4+ Kd7 60. Qd5+ Kc7 61. Qa8 a5 62. Qa7+ Kd6 63. Qxb6+ Ke5 64. Qxa5+ Kd4 65. Qd2+ Kc5 66. Qa5+ Kd4 67. Qd5+ Kc3 68. c5 Kb2 69. c6 h4 70. Qd7 hxg3+ 71. Kxg3 Qe3+ 72. Kh2 Qf4+ 73. Kg1 Qe3+ 74. Kf1 Qf4+ 75. Ke2 Qe4+ 76. Kd2 Qxg2+ 77. Kd3 Qf1+ 78. Kd4 Qf2+ 79. Kc4 Qf1+ 80. Kc5 Qf2+ 81. Qd4+ Qxd4+ 82. Kxd4 1-0


[Site "https://www.chess.com"]

[Event "Titled Tuesday Blitz January 03 Early 2023"]
[White "Nathan, Nitish"]
[Black "Bazarov, Konstantin"]
[WhiteFideId "30927870"]
[BlackFideId "4137000"]
[WhiteElo "2071"]
[BlackElo "2235"]
[Result "1-0"]
[Round "07"]
[TimeControl "180+2"]
[Date "2023.01.03"]
[WhiteClock "0:00:12"]
[BlackClock "0:00:21"]

1. d4 Nf6 2. Bf4 e6 3. e3 c5 4. c3 b6 5. Nd2 Bb7 6. Ngf3 d6 7. Bd3 Be7 8. h3 Nc6 9. O-O O-O 10. Bh2 Rc8 11. Re1 Qc7 12. Nc4 b5 13. Ncd2 Qb6 14. a4 a6 15. Qb3 b4 16. Nc4 Qa7 17. Nxd6 Rcd8 18. Nxb7 Qxb7 19. Ne5 Na5 20. Qc2 Rc8 21. Qe2 Ra8 22. dxc5 Bxc5 23. Ng4 Nd5 24. e4 Ne7 25. e5 Qb6 26. Bf4 Ng6 27. Bg3 Rfd8 28. h4 h6 29. Bxg6 fxg6 30. Qe4 Kf7 31. Rad1 Qc6 32. Qf4+ Kg8 33. Rxd8+ Rxd8 34. cxb4 Rd4 35. Nxh6+ Kh7 36. Qf7 Kxh6 37. Qg8 g5 38. Qh8+ Kg6 39. h5+ Kf7 40. bxc5 Qe8 41. Qh7 Qg8 42. Qg6+ Kf8 43. Qxg5 Qf7 44. Rc1 Nc6 45. h6 gxh6 46. Qxh6+ Ke8 47. Qh8+ Qf8 48. Qh5+ Qf7 49. Qe2 Qb7 50. Rd1 Qxb2 51. Qxb2 Rxd1+ 52. Kh2 Nd4 53. Qb6 Ne2 54. Qxe6+ Kd8 55. Bh4+ Kc7 56. Qb6+ Kd7 57. c6+ Ke6 58. c7+ Kf5 59. c8=Q+ Ke4 60. Qe3+ Kd5 61. Qd7+ Kc4 62. Qxd1 Kb4 63. Qexe2 Ka5 64. Qd5+ Kb4 65. Qdc4+ Ka3 66. Qea2# 1-0


[Site "https://www.chess.com"]

[Event "Titled Tuesday Blitz January 03 Early 2023"]
[White "Dwilewicz, Katarzyna"]
[Black "Rangel, Daniel"]
[WhiteFideId "1148486"]
[BlackFideId "2124475"]
[WhiteElo "2115"]
[BlackElo "2207"]
[Result "0-1"]
[Round "07"]
[TimeControl "180+2"]
[Date "2023.01.03"]
[WhiteClock "0:00:11"]
[BlackClock "0:00:44"]

1. e4 c5 2. Nf3 g6 3. c4 Bg7 4. d4 cxd4 5. Nxd4 Nc6 6. Be3 Nf6 7. Nc3 O-O 8. Be2 Nxd4 9. Bxd4 d6 10. O-O Bd7 11. f3 Bc6 12. Qd2 Nd7 13. Be3 a5 14. b3 Nc5 15. Rab1 e6 16. Rfd1 Be5 17. Bd4 Qe7 18. Qe3 b6 19. Rd2 Qh4 20. Bxe5 dxe5 21. Rbd1 Rfd8 22. g3 Qe7 23. f4 exf4 24. gxf4 Qh4 25. Bf3 Rxd2 26. Rxd2 Rd8 27. Bg2 Rxd2 28. Qxd2 Qe7 29. e5 Bxg2 30. Kxg2 Qh4 31. Ne2 Qg4+ 32. Ng3 Kg7 33. h3 Qxg3+ 34. Kxg3 Ne4+ 35. Kf3 Nxd2+ 36. Ke3 Nb1 37. Kd3 f6 38. Kc2 fxe5 39. fxe5 Na3+ 40. Kb2 g5 41. Kxa3 h5 42. b4 axb4+ 43. Kxb4 g4 44. hxg4 hxg4 45. a4 g3 46. c5 bxc5+ 47. Kxc5 g2 0-1


[Site "https://www.chess.com"]

[Event "Titled Tuesday Blitz January 03 Early 2023"]
[White "Mica, Marek"]
[Black "Chernov, Mikhail"]
[WhiteFideId "382884"]
[BlackFideId "24143170"]
[WhiteElo "2256"]
[BlackElo "2205"]
[Result "1-0"]
[Round "07"]
[TimeControl "180+2"]
[Date "2023.01.03"]
[WhiteClock "0:00:28"]
[BlackClock "0:00:02"]

1. Nf3 c5 2. e3 Nc6 3. d4 d5 4. a3 Bg4 5. Be2 Nf6 6. dxc5 e5 7. b4 e4 8. Nd4 Bxe2 9. Nxe2 a5 10. c3 axb4 11. cxb4 Nxb4 12. axb4 Rxa1 13. Bb2 Ra8 14. O-O Be7 15. Nbc3 O-O 16. Na4 Qc7 17. Nb6 Rad8 18. Qd4 Qc6 19. Nf4 Rfe8 20. Rd1 Bf8 21. Nfxd5 Nxd5 22. Nxd5 f6 23. Qc4 Kh8 24. Rd4 Re5 25. Nf4 Rxd4 26. Bxd4 Re8 27. b5 Qd7 28. h3 Ra8 29. c6 bxc6 30. bxc6 Qc8 31. Ne6 Ra6 32. Nxf8 Rxc6 33. Qf7 Rc1+ 34. Kh2 Qc7+ 35. Qxc7 Rxc7 36. Ne6 Rc2 37. Kg3 Kg8 38. Nc5 f5 39. Ne6 Kf7 40. Nxg7 Kg6 41. Ne6 Ra2 42. Nf4+ Kf7 43. h4 Ra4 44. Nh3 Ra2 45. Kf4 Kg6 46. h5+ Kxh5 47. Kxf5 Rc2 48. Kxe4 Rc1 49. Kf3 Kg6 50. Kg4 Rc2 51. Kg3 Kf7 52. f4 h6 53. Kf3 Ra2 54. Nf2 Kg6 55. Ng4 Kh5 56. Ne5 Rc2 57. e4 Rd2 58. Bf2 1-0


[Site "https://www.chess.com"]

[Event "Titled Tuesday Blitz January 03 Early 2023"]
[White "Kaminski, Victor"]
[Black "Fernandez Garcia, Gumersindo"]
[WhiteFideId "1131630"]
[BlackFideId "24516740"]
[WhiteElo "2247"]
[BlackElo "2160"]
[Result "1-0"]
[Round "07"]
[TimeControl "180+2"]
[Date "2023.01.03"]
[WhiteClock "0:00:43"]
[BlackClock "0:00:15"]

1. e4 a6 2. d4 g6 3. Bc4 Bg7 4. Nf3 b5 5. Bb3 Bb7 6. Qe2 e6 7. O-O d6 8. a4 b4 9. Nbd2 Ne7 10. Nc4 Nbc6 11. d5 Nd4 12. Nxd4 Bxd4 13. dxe6 fxe6 14. Na5 Bc8 15. Bg5 Bd7 16. Rad1 Bg7 17. Qg4 Qc8 18. f4 Rf8 19. Qh4 Nc6 20. Nxc6 Bxc6 21. Qxh7 Rf7 22. Qxg6 Bd7 23. f5 d5 24. fxe6 Bxe6 25. Rxf7 Bxf7 26. Qxg7 Qg4 27. Re1 d4 28. Qxf7# 1-0


[Site "https://www.chess.com"]

[Event "Titled Tuesday Blitz January 03 Early 2023"]
[White "Koridze, Lile"]
[Black "Baches Garcia, Guillermo"]
[WhiteFideId "13612514"]
[BlackFideId "2209764"]
[WhiteElo "2191"]
[BlackElo "2327"]
[Result "0-1"]
[Round "07"]
[TimeControl "180+2"]
[Date "2023.01.03"]
[WhiteClock "0:00:02"]
[BlackClock "0:00:33"]

1. d4 Nf6 2. c4 e6 3. Nf3 d5 4. g3 Be7 5. Bg2 O-O 6. O-O dxc4 7. Qc2 a6 8. a4 Bd7 9. Qxc4 Bc6 10. Nc3 b5 11. Qd3 b4 12. Nd1 Nbd7 13. Ne3 Be4 14. Qd1 c5 15. b3 Rc8 16. Bb2 cxd4 17. Nxd4 Bxg2 18. Kxg2 Nc5 19. Nc4 Nxb3 20. Qxb3 Qd5+ 21. Kg1 Qxc4 22. Rac1 Qxb3 23. Nxb3 Nd5 24. e3 f6 25. Rfd1 Kf7 26. Nd4 Nc3 27. Bxc3 bxc3 28. Rc2 Bb4 29. Rb1 a5 30. Nb5 Rfd8 31. Rb3 Rd2 32. Rc1 c2 33. Rb2 Rd1+ 0-1


[Site "https://www.chess.com"]